 Dungeon Crawl Stone Soup version 0.32-a0-918-g0f22ef8d61 (webtiles) character file.

Game seed: 7636144103313276365

193 KennySheep the Twirler (level 5, -1/41 HPs)
             Began as a Human Wanderer on Apr 12, 2024.
             Was an Initiate of Cheibriados.
             Slain by Natasha (6 damage)
             ... on level 3 of the Dungeon.
             The game lasted 00:07:07 (1816 turns).

KennySheep the Twirler (Human Wanderer)             Turns: 1816, Time: 00:07:08

Health: -1/41      AC:  3    Str: 15    XL:     5   Next: 72%
Magic:  8/8        EV: 11    Int: 18    God:    Cheibriados [......]
Gold:   81         SH:  0    Dex: 17    Spells: 7/8 levels left

rFire   . . .        a - +3 quarterstaff
rCold   + . .        (shield currently unavailable)
rNeg    . . .        c - +0 leather armour
rPois   .            (no helmet)
rElec   .            (no cloak)
rCorr   .            (no gloves)
SInv    .            m - -1 pair of boots of an ice cave {rC+ Int+4 Dex+4}
Will    .....        (no amulet)
Stlth   ++           (no ring)
HPRegen 0.26/turn    (no ring)
MPRegen 0.11/turn

%: no passive effects
@: on berserk cooldown, slowed, very slow
A: explore regen
a: Renounce Religion


You were on level 3 of the Dungeon.
You worshipped Cheibriados.
Cheibriados was noncommittal.
You visited 1 branch of the dungeon, and saw 3 of its levels.

You collected 81 gold pieces.

Inventory:

Hand Weapons
 a - a +3 quarterstaff (weapon)
Missiles
 f - a throwing net
Armour
 c - a +0 leather armour (worn)
 m - the -1 pair of boots of an ice cave (worn) {rC+ Int+4 Dex+4}
   (You found it on level 3 of the Dungeon)

   Int+4:     It affects your intelligence (+4).
   Dex+4:     It affects your dexterity (+4).
   rC+:       It protects you from cold.
Scrolls
 b - 2 scrolls of teleportation
 e - a scroll of amnesia
 g - a scroll of brand weapon
 h - a scroll of poison
 l - a scroll of vulnerability
 n - a scroll of butterflies {unknown}
 o - 2 scrolls of revelation {unknown}
Potions
 i - a potion of haste {unknown}
 j - a potion of mutation {unknown}
 k - 2 potions of curing
 p - a potion of attraction {unknown}


   Skills:
 + Level 3.3 Fighting
 + Level 3.3 Staves
 + Level 2.0 Dodging
 + Level 2.1 Stealth
 * Level 2.3 Spellcasting
 * Level 1.7 Conjurations
 * Level 2.5 Fire Magic
 + Level 0.1 Invocations


You had 7 spell levels left.
You knew the following spells:

 Your Spells              Type           Power      Damage    Failure   Level
a - Foxfire               Conj/Fire      36%        2x1d5     9%          1

Your spell library contained the following spells:

 Spells                   Type           Power      Damage    Failure   Level
 Inner Flame              Hex/Fire       6%         N/A       36%         3


Dungeon Overview and Level Annotations

Branches:
Dungeon (3/15)

Altars:
Cheibriados

Annotations:
D:3 3 runed translucent doors, EvilEddieB's ghost, amateur DsNe; IdlyInterested's ghost, amateur DsFi; Natasha


Innate Abilities, Weirdness & Mutations

You regain HP and MP as you explore.


Message History

The cerulean imp barely misses you. Natasha casts a spell at you.
The magic dart hits you.
* * * LOW HITPOINT WARNING * * *
The cerulean imp hits you from afar with a +1 spear.
* * * LOW HITPOINT WARNING * * *
It was a potion of curing.
You feel better.
The cerulean imp hits you but does no damage.
It was a potion of berserk rage.
A red film seems to cover your vision as you go berserk!
Cheibriados protects you from inadvertent hurry.
You feel mighty!
The cerulean imp hits you from afar with a +1 spear.
* * * LOW HITPOINT WARNING * * *
Natasha howls an incantation.
You feel troubled.
You thump Natasha!
You kill Natasha!
Cheibriados appreciates the change of pace.
Natasha screams in pain as she dies!
The cerulean imp disappears in a puff of smoke! x2
Your Dodging skill increases to level 2!
You feel a strong urge to attack something.
Natasha, Servant of Life and Death comes into view.
You feel your anger nearly subside.
You are no longer berserk.
You are exhausted.
You feel yourself slow down.
Natasha hisses angrily.
You closely miss Natasha.
Natasha mumbles some strange words.
Natasha casts a spell at you. The magic dart hits you.
* * * LOW HITPOINT WARNING * * *
You miss Natasha. Natasha claws you.
* * * LOW HITPOINT WARNING * * *
The cerulean imp hits you from afar with a +2 spear.
* * * LOW HITPOINT WARNING * * *
Natasha claws you.
You die...
Natasha curls up and begins to purr.
Cheibriados appreciates the motionlessness of death.

.......### ##. .........#
#..######....# #.##....##.#†#
#.#.####.#5#.# #########
#.#.#_<#.#.#.# #........ #
#.#.#..#.#.#.# #........
###.#.#'##.#.#.##########.(......
....#.##..##....@h5..............
###.##.####..############........
#.........# #.....[.....
#......##.# ##.##########
##.#######.# ##).# ##..# #.#
#####..## ...## #.# #.....## ####
#.# ##.##### ###### #
#.###..###########.....


You could see Natasha and a cerulean imp (summoned).

Vanquished Creatures
  A scorpion (D:3)
  Natasha (D:3)
  3 adders
  3 dart slugs
  2 ribbon worms
  5 orcs (D:3)
  4 ball pythons
  8 endoplasms
  A giant cockroach (D:2)
  4 goblins
  5 hobgoblins
  4 jackals (D:2)
  6 kobolds
  2 bats
  5 frilled lizards
  6 rats
60 creatures vanquished.

Notes
Turn   | Place    | Note
-------+----------+-------------------------------------------
     0 | D:1      | KennySheep the Human Wanderer began the quest for the Orb.
     0 | D:1      | KennySheep set off with the following items: a +3
                  | quarterstaff, a scroll of teleportation, a +0 leather
                  | armour; and the following spell memorised: Foxfire; and the
                  | following spells available to memorise: Inner Flame.
     0 | D:1      | Reached XP level 1. HP: 18/18 MP: 2/2
   132 | D:1      | Reached XP level 2. HP: 23/24 MP: 3/3
   713 | D:2      | Reached XP level 3. HP: 28/29 MP: 5/5
  1171 | D:2      | Reached XP level 4. HP: 32/35 MP: 6/6
  1274 | D:3      | Reached skill level 1 in Conjurations
  1287 | D:3      | Found a runed translucent gate.
  1287 | D:3      | Identified the -1 pair of boots of an ice cave {rC+ Int+4
                  | Dex+4}
  1332 | D:3      | Found a runed translucent gate.
  1332 | D:3      | Found a runed translucent gate.
  1338 | D:3      | Noticed EvilEddieB's ghost (amateur DsNe)
  1338 | D:3      | Noticed IdlyInterested's ghost (amateur DsFi)
  1370 | D:3      | Noticed a scorpion
  1437 | D:3      | Killed a scorpion
  1438 | D:3      | Reached XP level 5. HP: 24/41 MP: 6/8
  1678 | D:3      | Found a snail-covered altar of Cheibriados.
  1688 | D:3      | Became a worshipper of Cheibriados the Contemplative
  1799 | D:3      | Noticed Natasha
  1809 | D:3      | Killed Natasha
  1812 | D:3      | Noticed Natasha
  1816 | D:3      | Slain by Natasha

Illustrated notes

Levels and vault maps discovered:
D:1:      minmay_arrival_five_plusses, layout_loops_ring
D:2:      layout_basic
D:3:      layout_rooms, chei_slow_surprise, gammafunk_ghost_cemetery,
          uniq_natasha

Skill      XL: |  1  2  3  4  5 |
---------------+----------------+-----
Conjurations   | 1 |  1.7
Fire Magic     | 2 |  2.5
Stealth        | 2 |  2.1
Spellcasting   | 2 |  2.3
Dodging        | 2 |  2.0
Fighting       | |  3.3
Staves         | |  3.3
Invocations    | |  0.1

Action                     |  1- 3 |  4- 6 || total
---------------------------+-------+-------++-------
  Melee: Quarterstaff      |    92 |    59 ||   151
    Use: Scroll            |       |     4 ||     4
         Potion            |       |     4 ||     4
   Stab: Sleeping          |     4 |       ||     4
 Armour: Leather armour    |    57 |    45 ||   102
  Dodge: Dodged            |    53 |    27 ||    80

Table legend: (Time is in decaauts)
 A = Elapsed time spent in this place.
 B = Non-inter-level travel time spent in this place.
 C = Inter-level travel time spent in this place.
 D = Time resting spent in this place.
 E = Time spent auto-exploring this place.
 F = Levels seen in this place.
 G = Mean time per level.
                   A        B        C        D        E       F      G
               +--------+--------+--------+--------+--------+-----+--------+
         Total |   1868 |   1798 |     70 |     14 |   1320 |   3 |  622.7 |
       Dungeon |   1868 |   1798 |     70 |     14 |   1320 |   3 |  622.7 |
               +--------+--------+--------+--------+--------+-----+--------+

Top non-repeatable levels by time:
     D:1: 714 daAuts
     D:3: 607 daAuts
     D:2: 545 daAuts
